 Dungeon Crawl Stone Soup version 0.26.1-11-gd32895ea62 (webtiles) character file.

Game seed: 9738061527184791896

51 Zeld the Sneak (level 3, -10/21 (24) HPs)
             Began as an Octopode Brigand on May 15, 2021.
             Mangled by a wight
             ... wielding a +0 scimitar
              (13 damage)
             ... on level 6 of the Dungeon.
             The game lasted 00:01:49 (1464 turns).

Zeld the Sneak (Octopode Brigand)                   Turns: 1464, Time: 00:01:49

HP:   -10/21 (24)   AC:  1    Str: 11    XL:     3   Next: 83%
MP:   5/5           EV: 13    Int: 13    God:
Gold: 77            SH:  0    Dex: 13    Spells: 5/5 levels left

rFire    . . .     SeeInvis .   a - +2 dagger
rCold    . . .     Faith    .   (no shield)
rNeg     . . .     Spirit   .   (helmet restricted)
rPois    .         Reflect  .   (no amulet)
rElec    .         Harm     .   (no ring)
rCorr    .         Rampage  .   (no ring)
Will     .....                  (no ring)
Stlth    ++++......             (no ring)
HPRegen  0.07/turn              (no ring)
MPRegen  0.09/turn              (no ring)
                                (no ring)
                                (no ring)

@: heavily drained
A: almost no armour, stealthy swim, amphibious, 8 rings, constrict 8, camouflage
1, gelatinous body 1
a: no special abilities


You were on level 6 of the Dungeon.
You visited 1 branch of the dungeon, and saw 6 of its levels.

You collected 77 gold pieces.

Inventory:

Hand Weapons
 a - a +2 dagger (weapon)
Missiles
 b - 13 poisoned darts (quivered)
 c - 2 curare-tipped darts
Scrolls
 d - 3 scrolls of identify {unknown}
 f - a scroll of teleportation {unknown}
Potions
 e - a potion of heal wounds {unknown}


   Skills:
 - Level 2.0 Fighting
 - Level 2.0 Short Blades
 * Level 3.5 Throwing
 - Level 1.0 Dodging
 - Level 5.3 Stealth
 + Level 1.5 Spellcasting


You had 5 spell levels left.
You didn't know any spells.
Your spell library contained the following spells:

 Spells                   Type           Power        Failure   Level
 Corpse Rot               Necr/Air       N/A          38%         2
 Sublimation of Blood     Necr           0%           38%         2
 Dispel Undead            Necr           0%           95%         4
 Agony                    Necr           0%           100%        5
 Excruciating Wounds      Necr           0%           100%        5


Dungeon Overview and Level Annotations

Branches:
Dungeon (6/15)
 Temple: D:4-7

Altars:

Annotations:
D:4 Natasha


Innate Abilities, Weirdness & Mutations

You cannot wear most types of armour.
You are very stealthy in the water. (Stealth+)
You are amphibious.
You can wear up to eight rings at the same time.
You can use your tentacles to constrict eight enemies at once.
Your skin changes colour to match your surroundings (Stealth+).
Your rubbery body absorbs attacks. (AC +1, EV +1)


Message History

You hit the wight but do no damage. Your grab misses the wight.
Your squeeze misses the wight. The wight barely misses you. x2
You hit the wight but do no damage. Your grab misses the wight.
The wight closely misses you. The wight hits you with a +0 scimitar!
You feel drained.
You hit the wight. Your grab misses the wight. You squeeze the wight!
The wight is severely damaged.
The wight completely misses you.
You hit the wight but do no damage. You grab the wight.
The wight is severely damaged.
You constrict the wight, but do no damage.
The wight hits you with a +0 scimitar.
You feel drained.
The wight hits you from afar with a +0 trident.
* * * LOW HITPOINT WARNING * * *
You hit the wight but do no damage.
You squeeze the wight, but do no damage.
The wight is severely damaged.
You constrict the wight. The wight hits you with a +0 scimitar!
Ouch! That really hurt!
You die...

#.###....#.#.. #≈ #.#
#..#...#.# ..# #.#
#..#.#...#.⌠.
..........#..#.#...#..
#####.########.#.#..###≈
............#.#.....z
... ...........z...z..
....z .####....#z#.#.#.
.### #....#@# ######.#
.zz.........c..
z.z############


You could see 2 wights.

Vanquished Creatures
  3 adders
  An ufetubus (D:6)
  A leopard gecko (D:4)
  2 orcs
  2 bats
  A giant cockroach (D:1)
  2 goblins (D:1)
  2 hobgoblins
  A frilled lizard (D:1)
  2 kobolds
  A rat (D:3)
18 creatures vanquished.

Notes
Turn   | Place    | Note
-------+----------+-------------------------------------------
     0 | D:1      | Zeld the Octopode Brigand began the quest for the Orb.
     0 | D:1      | Reached XP level 1. HP: 14/14 MP: 1/1
   318 | D:1      | Reached XP level 2. HP: 15/19 MP: 2/2
   470 | D:2      | Noticed a scorpion
   500 | D:3      | Reached skill level 1 in Spellcasting
   873 | D:4      | Noticed Natasha
   995 | D:4      | Reached XP level 3. HP: 24/24 MP: 4/4
  1014 | D:5      | Entered Level 5 of the Dungeon
  1457 | D:6      | Noticed a centaur
  1464 | D:6      | Mangled by a wight

Illustrated notes

Levels and vault maps discovered:
D:1:      wheals_arrival_linesprint, layout_loops_corners, columned_hall_lemuel
D:2:      layout_rooms, chequers_serial_rivers_large_b,
          nicolae_qazlal_style_of_elements
D:3:      layout_rooms, marbit_many_paths
D:4:      layout_basic, uniq_natasha, uniq_menkaure, uniq_purgy
D:5:      layout_loops_corners, minitemple
D:6:      layout_basic, nzn_hepliaklqana_mist_gate, fountainhead,
          minmay_misc_feat_room, small_statue_alley_b

Skill      XL: |  1  2 |
---------------+-------+-----
Spellcasting   | 1 |  1.5
Throwing       | 3 |  3.5
Fighting       | |  2.0
Short Blades   | |  2.0
Dodging        | |  1.0
Stealth        | |  5.3

Action                   || total
-------------------------++-------
Melee: Dagger            ||    49
       Constrict         ||    11
       Tentacles         ||     6
 Stab: Sleeping          ||     5
Armor: Skin              ||     2
Dodge: Dodged            ||    36
